 Dungeon Crawl Stone Soup version 0.17-a0-1596-g1e86911 (console) character file.

11392 Monkaria the Nimble (level 11, 0/49 HPs)
             Began as a Felid Berserker on July 30, 2015.
             Was a High Priest of Trog.
             Slain by a slime creature (19 damage)
             ... on level 12 of the Dungeon.
             The game lasted 00:30:24 (11806 turns).

Monkaria the Nimble (Felid Berserker)              Turns: 11806, Time: 00:30:24

Health: 0/49       AC:  2    Str: 15    XL:     11   Next: 48%
Magic:  0/10       EV: 32    Int:  9    God:    Trog [*****.]
Gold:   739        SH:  0    Dex: 17    Spells: 0 memorised, 10 levels left
                                        Lives:  0   Deaths: 3

rFire  . . .     SeeInvis +       - Unarmed
rCold  + . .     Clarity  .     (armour unavailable)
rNeg   . . .     SustAt   .     (shield unavailable)
rPois  .         Gourm    .     (helmet unavailable)
rElec  .         Spirit   +     (cloak unavailable)
rCorr  .         Warding  .     (gloves unavailable)
rMut   .         Stasis   .     (boots unavailable)
MR     +....                    f - amulet of guardian spirit
Stlth  +++++++...               u - ring of see invisible
                                O - +2 ring of evasion

@: exhausted, quick, somewhat resistant to hostile enchantments, extremely
stealthy
A: no armour, no weapons or thrown items, claws 1, fangs 3, see invisible,
carnivore 3, cold resistance 1, speed 1, low mp 1, shaggy fur 2, slow metabolism
1, subdued magic 1, MP-powered wands, sharp paws
a: Burn Spellbooks, Berserk, Trog's Hand, Brothers in Arms, Renounce Religion


You were on level 12 of the Dungeon.
You worshipped Trog.
Trog was extremely pleased with you.
You were very full.

You visited 2 branches of the dungeon, and saw 14 of its levels.
You also visited: Bailey.

You collected 739 gold pieces.

Inventory:

Jewellery
 f - an amulet of guardian spirit (around neck)
 h - an uncursed ring of positive energy
 i - an uncursed ring of sustain attributes
 u - a ring of see invisible (right paw)
 G - a +5 ring of intelligence
 M - an uncursed ring of fire
 N - an uncursed ring of magical power
 O - a +2 ring of evasion (left paw)
 X - a +3 ring of strength {unknown}
Magical devices
 j - a wand of digging (19)
 n - a wand of lightning (8)
 p - a wand of digging (13)
 r - a wand of disintegration (13)
 t - a wand of teleportation (6)
 w - a wand of flame (34)
 x - a wand of enslavement (9)
 A - a wand of cold (6)
 C - a wand of paralysis (2)
 F - a wand of magic darts (30)
 J - a wand of digging (13)
 K - a wand of lightning (10)
 R - a wand of slowing (25)
Scrolls
 e - 2 scrolls of teleportation
 l - a scroll of amnesia
 m - a scroll of recharging
 o - 2 scrolls of fear
 I - a scroll of noise
 L - 4 scrolls of remove curse
 P - a scroll of identify
Potions
 b - 4 potions of brilliance
 c - a potion of lignification
 g - a potion of ambrosia
 q - 4 potions of curing
 s - 3 potions of flight
 v - a potion of invisibility
 B - 3 potions of heal wounds
 D - a potion of magic
 E - 2 potions of might {unknown}
 H - 2 potions of berserk rage {unknown}
 S - a potion of agility {unknown}
 T - 2 potions of poison {unknown}
 U - a potion of haste {unknown}
Books
 y - a Young Poisoner's Handbook

   Spells                             Type                      Level
   a - Sting                          Conjuration/Poison           1
   b - Cure Poison                    Poison                       2
   c - Mephitic Cloud                 Conjuration/Poison/Air       3
   d - Olgreb's Toxic Radiance        Poison                       4
   e - Venom Bolt                     Conjuration/Poison           5
   Trog disapproves of the use of such an item.
 V - a book of the Tempests

   Spells                             Type                      Level
   a - Static Discharge               Conjuration/Air              3
   b - Lightning Bolt                 Conjuration/Air              5
   c - Fireball                       Conjuration/Fire             5
   d - Tornado                        Air                          9
   e - Shatter                        Earth                        9
   Trog disapproves of the use of such an item.
 W - a book of Enchantments

   Spells                             Type                      Level
   a - Cause Fear                     Hexes                        4
   b - Silence                        Hexes/Air                    5
   c - Deflect Missiles               Charms/Air                   6
   d - Haste                          Charms                       6
   e - Discord                        Hexes                        8
   Trog disapproves of the use of such an item.
Miscellaneous
 Q - a legendary deck of wonders
Comestibles
 a - 5 meat rations
 d - 12 beef jerkies
 k - 2 royal jellies
 z - a slice of pizza


   Skills:
 + Level 6.7 Fighting
 - Level 14.0 Dodging
 - Level 14.0 Stealth
 - Level 12.0 Unarmed Combat


You had 10 spell levels left.
You didn't know any spells.

Dungeon Overview and Level Annotations

Branches:
Dungeon (13/15)            Temple (1/1) D:5            Lair (0/8) D:10
    Orc (0/4) D:11
 Vaults: D:13-14

Altars:
Ashenzari
Cheibriados
Dithmenos
Elyvilon
Fedhas
Gozag
Kikubaaqudgha
Makhleb
Nemelex Xobeh
Okawaru
Qazlal
Ru
Sif Muna
Trog
Vehumet
Xom
Yredelemnul
Zin
The Shining One

Shops:
D:11 [[[


Innate Abilities, Weirdness & Mutations

You cannot wear armour.
You are incapable of wielding weapons or throwing items.
You have sharp claws.
You have razor-sharp teeth.
You have supernaturally acute eyesight.
You are carnivorous and can eat meat at any time.
You cover ground quickly.
You are covered in thick fur (AC +2).
You have a slow metabolism.
Your sharp claws are effective at attacking unaware monsters.
Your flesh is cold resistant.
Your magical capacity is low (-10% MP).
Your spells are a little easier to cast, but a little less powerful.
You expend magic power (3 MP) to strengthen your wands.


Message History

You claw the slime creature! You claw the slime creature.
The slime creature is moderately wounded.
You scratch the slime creature but do no damage.
The slime creature is moderately wounded.
The slime creature completely misses you.
A large slime creature splits.
You scratch the slime creature. You claw the slime creature!
The slime creature is heavily wounded.
The slime creature completely misses you.
The slime creature closely misses you.
You claw the slime creature! x2
The slime creature is severely wounded.
The slime creature completely misses you.
The slime creature hits you! The slime creature hits you!!
You claw the slime creature!
The slime creature is almost dead.
Your skin stops crawling.
You feel less resistant to hostile enchantments.
The slime creature misses you. The slime creature hits you!!
You die...

#.........# #.........#.........
####.>....# #..J......###.......
#.)....# ####.###### #######.
#####.## #..# ##. ##.>..# #.##
#.. #....## #.# ####'#
#....########.###### #.....
###....'....##JJ.....# ####.....
##.'....####..#J@.....###..'.....
#..#....# ##.............##.....
#.##....# ###.......######.....
..####'## ####.#### #..... ###
#..# #.# ####'# #.## #.# #.. #.#
#.# ##. #.# #.### ######. #.#
#.<.# ###......


You could see 3 slime creatures.

Vanquished Creatures
  Snorg (D:12)
  2 hill giants
  Pikel (D:7)
  2 manticores
  A slime creature (D:13)
  A gargoyle (D:12)
  A centaur skeleton (D:11)
  A two-headed ogre (D:13)
  Sigmund (D:4)
  13 yaks
  A human (D:13)
  A steam dragon (D:10)
  2 hippogriffs
  Eustachio (D:4)
  2 deep elf magi
  A hungry ghost (D:10)
  3 wraiths
  Menkaure (D:4)
  A deep elf fighter (D:10)
  A mottled dragon (D:10)
  2 water moccasins
  16 orc warriors
  Duvessa (D:6)
  2 ice beasts
  2 sky beasts (D:5)
  4 necrophages
  A black bear (D:9)
  5 phantoms
  A slave (D:7)
  3 centaurs
  3 crocodiles
  3 wasps
  10 ogres
  2 big kobolds
  8 giant frogs
  A gnoll sergeant (D:8)
  Dowan (D:6)
  A wyvern skeleton (D:13)
  A wyvern zombie (D:8)
  5 scorpions
  A water moccasin zombie (D:7)
  3 wights (D:8)
  9 killer bees
  3 jellies
  A giant frog zombie (D:13)
  9 crimson imps
  2 orc priests
  A quasit (D:11)
  A giant frog skeleton (D:12)
  8 hounds
  8 orc wizards
  A wasp zombie (D:12)
  8 worker ants
  4 iguanas
  A hound zombie (D:11)
  A hound skeleton (D:11)
  4 gnolls (D:8)
  14 adders
  2 river rats (D:10)
  A worker ant zombie (D:7)
  4 shadow imps
  3 oozes
  3 adder zombies
  3 worms (D:3)
  6 giant geckos
  40 orcs
  12 bats
  9 giant cockroaches
  15 goblins
  12 hobgoblins
  21 jackals
  5 quokkas
  A giant gecko skeleton (D:7)
  A giant newt (D:5)
  A jackal skeleton (D:4)
  15 kobolds
  23 rats
366 creatures vanquished.

Vanquished Creatures (collateral kills)
  An orc knight (Bailey)
  2 orc warriors (Bailey)
3 creatures vanquished.

Vanquished Creatures (others)
  A slave (D:7)
  A gnoll (D:7)
  A giant newt (D:7)
  5 fungi (D:10)
  2 plants (D:10)
10 creatures vanquished.

Grand Total: 379 creatures vanquished

Notes
Turn   | Place    | Note
--------------------------------------------------------------
     0 | D:1      | Monkaria the Felid Berserker began the quest for the Orb.
     0 | D:1      | Reached XP level 1. HP: 10/10 MP: 2/2
   132 | D:1      | Reached XP level 2. HP: 12/14 MP: 3/3
   398 | D:1      | Acquired Trog's second power
   906 | D:1      | Reached XP level 3. HP: 15/18 MP: 4/4
  1228 | D:2      | Found an opulent altar of Gozag.
  1667 | D:2      | Reached skill level 1 in Stealth
  1803 | D:3      | Reached XP level 4. HP: 20/22 MP: 5/5
  1937 | D:3      | Found a blossoming altar of Fedhas.
  2345 | D:3      | Found a glowing golden altar of the Shining One.
  2439 | D:4      | Noticed an ogre
  2504 | D:4      | Killed an ogre
  2504 | D:4      | Reached skill level 5 in Stealth
  2504 | D:4      | Reached XP level 5. HP: 25/25 MP: 4/6
  2627 | D:4      | Noticed Eustachio
  2636 | D:4      | Killed Eustachio
  2636 | D:4      | Reached skill level 7 in Stealth
  2636 | D:4      | Gained mutation: You are covered in thick fur (AC +2). [Felid growth]
  2636 | D:4      | Reached XP level 6. HP: 28/28 MP: 7/7
  2768 | D:4      | Noticed Sigmund
  2784 | D:4      | Killed Sigmund
  2784 | D:4      | Reached skill level 5 in Unarmed Combat
  2789 | D:4      | HP: 1/28 [poisoned by Sigmund]
  2872 | D:4      | Noticed a phantom
  2879 | D:4      | Killed a phantom
  2879 | D:4      | Reached XP level 7. HP: 32/32 MP: 8/8
  3240 | D:4      | Noticed Menkaure
  3280 | D:4      | Killed Menkaure
  3399 | D:5      | Entered Level 5 of the Dungeon
  3435 | D:5      | Found a staircase to the Ecumenical Temple.
  3469 | Temple   | Entered the Ecumenical Temple
  3808 | D:5      | Found a shadowy altar of Dithmenos.
  3820 | D:5      | Reached skill level 5 in Dodging
  3963 | D:5      | Reached XP level 8. HP: 36/36 MP: 9/9
  3970 | D:5      | Gained mutation: Your spells are a little easier to cast, but a little less powerful. [mutagenic meat]
  3972 | D:5      | Gained mutation: You expend magic power (3 MP) to strengthen your wands. [mutagenic meat]
  3973 | D:5      | Gained mutation: You are clumsy. (Dex -2) [mutagenic meat]
  4207 | D:6      | Reached skill level 8 in Dodging
  4367 | D:6      | Reached skill level 9 in Dodging
  4512 | D:6      | Engulfed by a cloud of flame
  4513 | D:6      | Reached XP level 7. HP: -4/32 MP: 0/8
  4549 | D:6      | Reached skill level 10 in Dodging
  4576 | D:6      | Noticed Duvessa
  4576 | D:6      | Noticed Dowan
  4756 | D:6      | Killed Duvessa
  4756 | D:6      | Reached XP level 8. HP: 36/36 MP: 6/9
  4806 | D:6      | Killed Dowan
  5571 | D:7      | Reached skill level 10 in Stealth
  5583 | D:7      | Acquired Trog's third power
  5697 | D:7      | Slain by an ice beast
  5698 | D:7      | Reached XP level 7. HP: 0/32 MP: 0/8
  5792 | D:7      | Reached skill level 11 in Stealth
  5852 | D:7      | Noticed Pikel
  5858 | D:7      | Reached XP level 8. HP: 36/36 MP: 9/9
  5867 | D:7      | Killed Pikel
  6125 | D:7      | Gained mutation: Your flesh is cold resistant. [potion of mutation]
  6125 | D:7      | Gained mutation: Your magical capacity is low (-10% MP). [potion of mutation]
  6125 | D:7      | Lost mutation: You are clumsy. (Dex -2) [potion of mutation]
  6289 | D:8      | Reached XP level 9. HP: 39/39 MP: 9/9
  6618 | D:8      | Reached skill level 10 in Unarmed Combat
  7671 | D:8      | Found a glowing silver altar of Zin.
  7829 | D:9      | Reached skill level 12 in Dodging
  7831 | D:9      | Reached XP level 10. HP: 32/42 MP: 6/10
  8002 | D:9      | Reached skill level 13 in Dodging
  8316 | D:10     | Entered Level 10 of the Dungeon
  8459 | D:10     | Found a flagged portal.
  8483 | Bailey   | Entered a bailey
  9297 | Bailey   | Noticed an orc knight
  9305 | Bailey   | Killed an orc knight
  9400 | D:10     | Killed from afar by a steam dragon
  9401 | D:10     | Reached XP level 9. HP: -3/39 MP: 0/9
  9484 | D:10     | Reached skill level 14 in Dodging
  9671 | D:10     | Reached XP level 10. HP: 42/42 MP: 10/10
  9839 | D:10     | Found a staircase to the Lair.
 10043 | D:11     | Noticed a manticore
 10056 | D:11     | Killed a manticore
 10086 | D:11     | Noticed a hill giant
 10094 | D:11     | Killed a hill giant
 10116 | D:11     | Found a staircase to the Orcish Mines.
 10170 | D:11     | Found Acoofog's Antique Armour Shoppe.
 10286 | D:11     | Found a flickering gateway to a bazaar.
 10292 | D:11     | Found Nuystrann's Antique Armour Boutique.
 10342 | D:11     | Found Komog's Armour Emporium.
 10622 | D:12     | Reached XP level 11. HP: 31/46 MP: 7/10
 10876 | D:12     | Paralysed by a wasp for 3 turns
 11026 | D:12     | Noticed Snorg
 11134 | D:12     | Killed Snorg
 11134 | D:12     | Reached skill level 5 in Fighting
 11659 | D:13     | Noticed an eight-headed hydra
 11676 | D:13     | Noticed a hill giant
 11741 | D:13     | Killed a hill giant
 11806 | D:12     | Slain by a slime creature

Vault maps used:
D:1:      dpeg_arrival_prison, serial_glass, glass_columns_a, glass_columns_a
D:2:      old_standard_altar, nicolae_underground_beach
D:3:      fedhas_altar_4, minmay_liquid_box, tso_altar
D:4:      first_bread, nrook_mini_vaults, uniq_eustachio, uniq_sigmund,
          uniq_menkaure
D:5:      minmay_temple_entry_statues_fountains,
          nicolae_dithmenos_through_a_glass_darkly
D:6:      lemuel_flame_loot_1, uniq_duvessa
D:7:      corexii_shack_village, uniq_pikel
D:8:      zin_treasury
D:9:      grunt_ogre_cave
D:10:     grunt_lair_entry_elf_guard_hut, enter_bailey_3
D:11:     orc_0_dummy, serial_shops, bzr_entry_dummy, kennysheep_mini,
          shop_fountains, shop
D:12:     minmay_misc_feat_tiny, uniq_snorg
D:13:     grunt_vaults_entry_tiered, lab_entry_generic
Temple:   lightli_temple_of_artemis
Bailey:   bailey_polearm_2, bailey

Action                   |  1- 3 |  4- 6 |  7- 9 | 10-12 || total
-------------------------+-------+-------+-------+-------++-------
Melee: Unarmed           |   145 |    49 |   488 |   513 ||  1195
Invok: Berserk           |       |     4 |    16 |    10 ||    30
       Trog's Hand       |       |     3 |     7 |    17 ||    27
       Brothers in Arms  |       |       |       |     2 ||     2
  Use: Scroll            |       |     4 |     5 |    12 ||    21
       Potion            |       |     1 |     2 |     2 ||     5
 Stab: Sleeping          |     7 |     7 |    42 |    23 ||    79
       Distracted        |       |       |     4 |     6 ||    10
  Eat: Chunk             |     9 |     4 |    51 |    21 ||    85
